 Dungeon Crawl Stone Soup version 0.18.1-48-g4cf74bf (webtiles) character file.

5308 Joat the Martial Artist (level 10, 0/102 HPs)
             Began as an Octopode Transmuter on Aug 10, 2016.
             Was a Believer of Makhleb.
             Slain by Elystan's ghost (5 damage)
             ... on level 8 of the Dungeon.
             The game lasted 01:24:22 (12425 turns).

Joat the Martial Artist (Octopode Transmuter)      Turns: 12425, Time: 01:24:22

Health: 0/102      AC: 25    Str: 11    XL:     10   Next: 64%
Magic:  0/18       EV:  2    Int: 17    God:    Makhleb [**....]
Gold:   366        SH:  0    Dex: 15    Spells: 4 memorised, 6 levels left

rFire  . . .     SeeInvis .       - Unarmed
rCold  . . .     Gourm    .     (no shield)
rNeg   + + +     Faith    .     (helmet currently unavailable)
rPois  +         Spirit   +     g - amulet of guardian spirit
rElec  .         Dismiss  .     n - +2 ring of intelligence
rCorr  .         Reflect  .     w - ring of flight
SustAt .         Harm     .     z - ring of flight
MR     .....     NoTele   +     (no ring)
Stlth  +.........               (no ring)
                                (no ring)
                                (no ring)
                                (no ring)

@: lethally poisoned (0 -> -1), tree-form, not resistant to hostile
enchantments, very unstealthy
A: almost no armour, (amphibious), 8 rings, (constrict 8), (camouflage 0),
(gelatinous body 0)
a: Minor Destruction, Renounce Religion


You were on level 8 of the Dungeon.
You worshipped Makhleb.
Makhleb was pleased with you.
You were not hungry.
You were a tree.
You visited 1 branch of the dungeon, and saw 8 of its levels.
You also visited: Sewer.

You collected 366 gold pieces.

Inventory:

Hand Weapons
 a - a +6 quarterstaff of chaos
 b - the +2 hand crossbow "Wubba" {flame, rPois MP+9}
   (You found it in a sewer)

   It causes projectiles fired from it to burn those they strike, causing extra
   injury to most foes and up to half again as much damage against particularly
   susceptible opponents.
   It protects you from poison.
   It affects your magic capacity (+9).
Missiles
 f - 50 bolts
 m - 103 arrows
 q - 5 javelins
 t - 14 tomahawks
 H - a throwing net (quivered)
Jewellery
 g - an amulet of guardian spirit (around neck)
 h - an uncursed amulet of magic regeneration
 n - a +2 ring of intelligence (left branch)
 w - a ring of flight (right branch)
 z - a ring of flight (on tentacle)
Wands
 d - a wand of slowing (17/48)
 j - a wand of polymorph (24/24)
 C - a wand of polymorph (6/24)
 D - a wand of random effects (18/48)
 E - a wand of iceblast (10/15)
Scrolls
 i - 5 scrolls of identify
 l - 3 scrolls of immolation
 o - 3 scrolls of recharging
 p - a scroll of enchant armour {unknown}
 r - a scroll of random uselessness
 s - a scroll of enchant weapon
 F - 3 scrolls of blinking {unknown}
 G - a scroll of remove curse
Potions
 v - a potion of lignification
 x - 2 potions of flight
 A - a potion of cure mutation
Books
 e - a book of Changes

   Spells                             Type                      Level
   a - Beastly Appendage              Transmutation                1
   b - Sticks to Snakes               Transmutation                2
   c - Spider Form                    Transmutation/Poison         3
   d - Ice Form                       Ice/Transmutation            4
   e - Blade Hands                    Transmutation                5
 k - a book of Beasts

   Spells                             Type                      Level
   a - Summon Butterflies             Summoning                    1
   b - Call Canine Familiar           Summoning                    3
   c - Summon Ice Beast               Ice/Summoning                4
   d - Summon Mana Viper              Hexes/Summoning              5
   e - Summon Hydra                   Summoning                    7
 y - a book of Dreams

   Spells                             Type                      Level
   a - Ensorcelled Hibernation        Hexes/Ice                    2
   b - Silence                        Hexes/Air                    5
   c - Darkness                       Hexes                        6
   d - Shadow Creatures               Summoning                    6
Comestibles
 c - 7 bread rations
 u - 2 meat rations
 I - 6 beef jerkies
 J - 9 royal jellies


   Skills:
 + Level 5.9 Fighting
 + Level 5.8 Dodging
 * Level 8.8 Unarmed Combat
 + Level 5.3 Spellcasting
 + Level 6.7 Transmutations
 + Level 7.0 Poison Magic


You had 6 spell levels left.
You knew the following spells:

 Your Spells              Type           Power        Failure   Level  Hunger
i - Ice Form              Ice/Trmt       ###.....     38%         4    ####...
q - Beastly Appendage     Trmt           ####..       1%          1    None
v - Blade Hands           Trmt           ####......   24%         5    ######.
B - Spider Form           Trmt/Pois      ####......   2%          3    ##.....


Dungeon Overview and Level Annotations

Branches:
Dungeon (8/15)             Temple (0/1) D:7
   Lair: D:8-11

Altars:
Ashenzari
Elyvilon
Gozag
Kikubaaqudgha
Makhleb
Qazlal
Trog
Xom
The Shining One

Annotations:
D:8 Elystan's ghost, novice FoEE


Innate Abilities, Weirdness & Mutations

You cannot wear most types of armour.
((You are amphibious.))
You can wear up to eight rings at the same time.
((You can use your tentacles to constrict eight enemies at once.))
((Your skin changes colour to match your surroundings (Stealth).))
((Your rubbery body absorbs attacks (AC +1).))


Message History

You feel sick. Elystan's ghost hits you!
* * * LOW HITPOINT WARNING * * *
Elystan's ghost freezes you.
* * * LOW HITPOINT WARNING * * *
You hit Elystan's ghost but do no damage.
Elystan's ghost is almost destroyed.
Elystan's ghost hits you but does no damage.
Read which item? (? for menu, Esc to quit)
Okay, then.
Drink which item? (? for menu, Esc to quit)
Okay, then.
You completely miss Elystan's ghost.
Elystan's ghost is almost destroyed.
You closely miss Elystan's ghost.
Elystan's ghost is almost destroyed.
Elystan's ghost hits you but does no damage.
You hit Elystan's ghost.
Elystan's ghost is almost destroyed.
Elystan's ghost hits you.
You die...

##.## #.# #.# ##...## #.#
#.# ##.#.#.## ####.# #.#
÷....##.# #....# #.#
##.###.## ####...######.#
###.#.## #......<....#.#
.....######.####.####.#.##
............# #.#.......#
###.#######.# ##♣#.##.#..#
# #.# #.###.W..##.#..# #
#.# #.....#........# # #.#
#.###....##.##.# # #.#
#.####.#.##.##.# ###.#
#..............# ....#
######.######### ###.# #.#
#)############.#


You could see Elystan's ghost.

Vanquished Creatures
  An ugly thing (D:8)
  The ghost of TBriggs11TB the Shield-Bearer, a novice FoFi (D:4)
  Grinder (D:3)
  A two-headed ogre (D:8)
  The ghost of nikopol the Chopper, an amateur HOBe of Trog (D:3)
  Eustachio (D:5)
  2 hungry ghosts
  A hippogriff (D:7)
  A mottled dragon (D:8)
  A soldier ant (D:8)
  A water moccasin (D:8)
  A sky beast (D:4)
  3 orc warriors
  An ice beast (D:7)
  2 wasps (D:8)
  A necrophage (D:5)
  4 ogres
  3 phantoms
  3 centaurs
  Blork the orc (D:6)
  6 giant frogs
  3 scorpions
  3 crimson imps
  2 hounds
  An orc priest (D:3)
  3 jellies
  7 orc wizards
  Crazy Yiuf (D:3)
  Ijyb (D:2)
  6 worker ants
  A killer bee zombie (D:7)
  A hound zombie (D:5)
  A howler monkey zombie (D:7)
  11 adders
  7 gnolls (D:8)
  2 shadow imps
  An ooze (D:2)
  An adder zombie (D:6)
  An adder skeleton (D:6)
  8 worms
  A dart slug (D:3)
  8 giant geckos
  28 orcs
  4 ball pythons
  8 bats
  12 giant cockroaches
  12 hobgoblins
  7 jackals
  3 quokkas
  2 giant gecko zombies (D:6)
  10 giant newts
  17 goblins
  6 kobolds
  9 rats
  4 fungi (D:3)
229 creatures vanquished.

Notes
Turn   | Place    | Note
--------------------------------------------------------------
     0 | D:1      | Joat the Octopode Transmuter began the quest for the Orb.
     0 | D:1      | Reached XP level 1. HP: 13/13 MP: 3/3
   296 | D:1      | Reached XP level 2. HP: 18/18 MP: 5/5
  1001 | D:2      | Reached XP level 3. HP: 19/23 MP: 4/6
  1195 | D:2      | Reached XP level 4. HP: 20/28 MP: 5/7
  1326 | D:2      | Noticed Ijyb
  1386 | D:2      | Killed Ijyb
  1979 | D:2      | Reached skill level 4 in Unarmed Combat
  1988 | D:2      | Reached XP level 5. HP: 19/34 MP: 2/8
  2125 | D:2      | Found a shimmering altar of Xom.
  2751 | D:3      | Learned a level 3 spell: Spider Form
  2844 | D:3      | Noticed Grinder
  2848 | D:3      | Paralysed by Grinder for 2 turns
  2865 | D:3      | Reached XP level 6. HP: 15/41 MP: 3/9
  2871 | D:3      | Killed Grinder
  2871 | D:3      | Reached XP level 7. HP: 15/45 MP: 3/11
  3165 | D:3      | Noticed nikopol's ghost (amateur HOBe)
  3196 | D:3      | Killed nikopol's ghost
  3196 | D:3      | Reached skill level 5 in Unarmed Combat
  4179 | D:3      | Found an opulent altar of Gozag.
  4486 | D:3      | Noticed Crazy Yiuf
  4492 | D:3      | Killed Crazy Yiuf
  4569 | D:4      | Found a glowing drain.
  4588 | Sewer    | Entered a sewer
  4950 | Sewer    | Got a faintly glowing hand crossbow
  4951 | Sewer    | Identified the cursed +2 hand crossbow "Wubba" {flame, rPois MP+9} (You found it in a sewer)
  5394 | D:4      | Reached XP level 8. HP: 43/52 MP: 10/13
  5550 | D:4      | Noticed TBriggs11TB's ghost (novice FoFi)
  5569 | D:4      | HP: 1/53 [TBriggs11TB's ghost (7)]
  6145 | D:5      | Entered Level 5 of the Dungeon
  6145 | D:5      | Noticed Eustachio
  6152 | D:5      | Killed Eustachio
  6152 | D:5      | Reached skill level 1 in Poison Magic
  6233 | D:5      | Reached skill level 5 in Transmutations
  6574 | D:5      | Reached skill level 6 in Unarmed Combat
  7091 | D:5      | Found a white marble altar of Elyvilon.
  7099 | D:5      | Found a bloodstained altar of Trog.
  7102 | D:5      | Found a burning altar of Makhleb.
  7106 | D:5      | Became a worshipper of Makhleb the Destroyer
  7201 | D:4      | HP: 2/54 [something (11)]
  8132 | D:6      | Noticed Blork the orc
  8195 | D:6      | Killed Blork the orc
  8654 | D:6      | Found an ancient bone altar of Kikubaaqudgha.
  9482 | D:6      | Reached XP level 9. HP: 58/58 MP: 12/15
  9628 | D:7      | Found a staircase to the Ecumenical Temple.
  9649 | D:7      | Reached * piety under Makhleb
  9649 | D:7      | Reached skill level 7 in Unarmed Combat
 10292 | D:7      | Learned a level 5 spell: Blade Hands
 10325 | D:7      | Reached skill level 5 in Fighting
 10369 | D:7      | Found a stormy altar of Qazlal.
 10375 | D:7      | Found a glowing golden altar of the Shining One.
 10383 | D:7      | Reached skill level 5 in Dodging
 10383 | D:7      | Reached skill level 5 in Poison Magic
 10694 | D:4      | Killed TBriggs11TB's ghost
 10920 | D:8      | Reached XP level 10. HP: 66/66 MP: 17/17
 10926 | D:8      | Learned a level 4 spell: Ice Form
 10945 | D:8      | Reached skill level 8 in Unarmed Combat
 11020 | D:8      | Noticed a brown ugly thing
 11049 | D:8      | Reached ** piety under Makhleb
 11049 | D:8      | Reached skill level 5 in Spellcasting
 11579 | D:8      | Noticed Elystan's ghost (novice FoEE)
 11779 | D:8      | Killed a cyan ugly thing
 12074 | D:8      | Found a shattered altar of Ashenzari.
 12421 | D:8      | HP: 4/102 [Elystan's ghost (3)]
 12425 | D:8      | Slain by Elystan's ghost

Skill      XL: |  1  2  3  4  5  6  7  8  9 10 |
---------------+-------------------------------+-----
Fighting       | 2 3 4 5 |  5.9
Transmutations | 3 4 5 6 |  6.7
Unarmed Combat | 4 5 6 7 8 |  8.8
Dodging        | 3 4 5 |  5.8
Spellcasting   | 3 4 5 |  5.3
Poison Magic   | 3 5 7 |  7.0

Action                   |  1- 3 |  4- 6 |  7- 9 | 10-12 || total
-------------------------+-------+-------+-------+-------++-------
Melee: Unarmed           |    38 |   140 |   313 |   150 ||   641
       Short sword       |    34 |       |       |       ||    34
       Constrict         |    13 |    38 |    51 |     9 ||   111
       Tentacles         |     6 |    26 |    37 |     8 ||    77
       Punch             |     1 |     2 |     8 |     4 ||    15
       Kick              |     2 |    32 |    19 |     8 ||    61
       Quarterstaff      |       |       |    95 |       ||    95
       Hand crossbow     |       |       |    25 |       ||    25
 Fire: Hand crossbow     |       |       |    20 |       ||    20
Throw: Tomahawk          |       |     2 |     1 |       ||     3
 Cast: Beastly Appendage |     2 |    18 |    16 |     5 ||    41
       Spider Form       |       |       |    23 |    10 ||    33
Evoke: Wand              |       |       |       |     5 ||     5
  Use: Potion            |     1 |     1 |    11 |     1 ||    14
       Scroll            |       |       |    13 |     1 ||    14
 Stab: Sleeping          |     8 |     2 |     8 |     1 ||    19
       Distracted        |     1 |       |     1 |       ||     2
  Eat: Chunk             |     1 |     5 |    22 |     6 ||    34
       Beef jerky        |       |       |     2 |     1 ||     3
       Meat ration       |       |       |     1 |       ||     1
       Pizza             |       |       |     1 |       ||     1
Armor: Skin              |    16 |    14 |    29 |     9 ||    68
Dodge: Dodged            |    41 |    72 |   268 |   104 ||   485
